 Dungeon Crawl Stone Soup version 0.23.2-30-g0e89c35649 (webtiles) character file.

Game seed: 564446553665712982

9863 diana the Cleaver (level 11, -6/99 HPs)
             Began as a Minotaur Fighter on June 15, 2019.
             Was a Priest of Okawaru.
             Mangled by a troll (10 damage)
             ... on level 9 of the Dungeon.
             The game lasted 00:14:27 (9483 turns).

diana the Cleaver (Minotaur Fighter)                Turns: 9483, Time: 00:14:27

Health: -6/99      AC: 12    Str: 24    XL:     11   Next: 28%
Magic:  11/11      EV:  9    Int:  5    God:    Okawaru [***...]
Gold:   612        SH: 12    Dex: 10    Spells: 10/10 levels left

rFire    . . .     SeeInvis .   H - +2 hand axe (flame)
rCold    . . .     Gourm    .   c - +0 shield
rNeg     . . .     Faith    .   e - +1 ring mail {rPois}
rPois    +         Spirit   .   (helmet restricted)
rElec    .         Reflect  .   i - +0 cloak
rCorr    .         Harm     .   p - +0 pair of gloves
MR       .....                  q - +0 pair of boots
Stlth    +.........             (no amulet)
HPRegen  0.26/turn              x - ring of stealth
MPRegen  0.12/turn              (no ring)

@: about to teleport
A: retaliatory headbutt, horns 2
a: Heroism, Renounce Religion


You were on level 9 of the Dungeon.
You worshipped Okawaru.
Okawaru was most pleased with you.
You were hungry.

You visited 2 branches of the dungeon, and saw 10 of its levels.
You also visited: Ossuary.

You collected 612 gold pieces.

Inventory:

Hand Weapons
 a - a +0 war axe
 H - a +2 hand axe of flaming (weapon)
Armour
 c - a +0 shield (worn)
 e - a +1 ring mail of poison resistance (worn)
 i - a +0 cloak (worn)
 p - a +0 pair of gloves (worn)
 q - a +0 pair of boots (worn)
Jewellery
 x - a ring of stealth (left hand)
Wands
 s - a wand of flame (37)
 B - a wand of digging (6)
Scrolls
 j - 4 scrolls of teleportation
 k - a scroll of enchant weapon {unknown}
 n - 6 scrolls of identify
 o - 7 scrolls of fog
 r - 3 scrolls of random uselessness
 v - 4 scrolls of remove curse
 w - 3 scrolls of noise
 y - 2 scrolls of fear {unknown}
 C - a scroll of brand weapon {unknown}
 D - 2 scrolls of immolation {unknown}
 F - a scroll of blinking {unknown}
 I - a scroll of magic mapping {unknown}
 J - 2 scrolls of holy word {unknown}
 M - a scroll of amnesia {unknown}
Potions
 b - 4 potions of mutation {unknown}
 d - 3 potions of might
 g - 3 potions of degeneration
 h - 2 potions of lignification
 l - a potion of agility {unknown}
 m - 2 potions of flight {unknown}
 t - a potion of brilliance
 u - a potion of resistance
 z - 2 potions of haste
 A - a potion of heal wounds
 E - 2 potions of ambrosia {unknown}
 G - 3 potions of curing
 L - a potion of invisibility {unknown}
Comestibles
 f - 16 rations
 K - 2 chunks of flesh


   Skills:
 + Level 10.1 Fighting
 * Level 13.2 Axes
 + Level 10.1 Armour
 + Level 10.1 Shields
 + Level 1.4 Invocations


You had 10 spell levels left.
You didn't know any spells.
Your spell library contained the following spells:

 Spells                   Type           Power        Failure   Level  Hunger
 Beastly Appendage        Tmut           #.....       82%         1    ##.....
 Summon Small Mammal      Summ           #...         82%         1    ##.....
 Call Imp                 Summ           #.......     91%         2    ###....
 Sticks to Snakes         Tmut           #.......     91%         2    ###....
 Call Canine Familiar     Summ           #.......     99%         3    ####...
 Spider Form              Tmut/Pois      #.........   99%         3    ####...
 Summon Guardian Golem    Hex/Summ       #.......     99%         3    ####...
 Ice Form                 Ice/Tmut       #.......     100%        4    #####..
 Summon Ice Beast         Ice/Summ       #.......     100%        4    #####..
 Summon Lightning Spire   Summ/Air       #.......     100%        4    #####..
 Blade Hands              Tmut           #.........   100%        5    ######.


Dungeon Overview and Level Annotations

Branches:
Dungeon (9/15)             Temple (1/1) D:7            Lair (0/6) D:8
    Orc: D:9-12

Altars:
Ashenzari
Dithmenos
Fedhas
Gozag
Hepliaklqana
Kikubaaqudgha
Makhleb
Okawaru
Qazlal
Ru
Vehumet
Xom
Yredelemnul
Zin
The Shining One

Shops:
D:7 (

Annotations:
D:3 3 runed translucent doors, VincentAMV's ghost, amateur HOFi
D:5 1 runed translucent door, hitsuchi's ghost, novice DrCj
D:9 Erolcha


Innate Abilities, Weirdness & Mutations

You reflexively headbutt those who attack you in melee.
You have a pair of horns on your head.


Message History

The howler monkey hits you. The troll bites you.
* * * LOW HITPOINT WARNING * * *
The troll claws you.
* * * LOW HITPOINT WARNING * * *
The troll claws you.
* * * LOW HITPOINT WARNING * * *
The hound bites you but does no damage. Erolcha hits you but does no damage.
The howler monkey hits you but does no damage.
The hound bites you but does no damage. The troll barely misses you.
The troll claws you but does no damage. The troll claws you!
* * * LOW HITPOINT WARNING * * *
The howler monkey hits you but does no damage.
The hound bites you but does no damage.
You can move again.
Unknown command.
As you read the scroll of teleportation, it crumbles to dust.
You feel strangely unstable.
Erolcha points at you and mumbles some strange words.
You shrug off the repeated paralysis!
The troll bites you!
You die...

(.#######
#.....#
#.......#
#.....#
#.###...#
#.....#
#.###...#
#.....#
#.......#
#...(.#
'.......#
#.....#
#.......#
#.....#
#'#######
+.(hh(#
.......#
#..@..#
.......#
#.TO..#
##.....#
#..5..#
##.....#
#.....#
##..(..#
#.....#
##.....#
#.....#
....>..#
#.....#
.......#
......#
##.....#


You could see Erolcha, a troll, a howler monkey, a hound and a crimson imp.

Vanquished Creatures
  Pikel (D:8)
  An elephant (D:7)
  Psyche (D:8)
  A gargoyle (D:8)
  An efreet (D:8)
  2 trolls
  A hornet (D:8)
  Sigmund (D:6)
  6 yaks (D:8)
  2 hungry ghosts (D:8)
  2 water moccasins
  6 orc warriors
  A sky beast (D:8)
  4 ice beasts
  A black bear (D:6)
  2 phantoms
  2 necrophages
  9 ogres
  2 centaurs
  2 crocodiles (D:7)
  11 bullfrogs
  A gnoll sergeant (D:6)
  4 scorpions
  7 killer bees (D:8)
  6 wights
  2 howler monkeys
  2 crimson imps (D:5)
  2 bullfrog zombies
  A quasit (D:7)
  3 centaur skeletons
  3 centaur zombies
  8 hounds
  2 jellies
  A bullfrog skeleton (D:7)
  7 orc priests
  2 iguanas
  Jessica (D:3)
  Ijyb (D:3)
  11 orc wizards
  10 worker ants
  3 big kobold zombies (Ossuary)
  A hound skeleton (D:8)
  A hound zombie (D:6)
  6 mummies (Ossuary)
  15 adders
  4 gnolls (D:8)
  A shadow imp (D:6)
  An ooze (D:5)
  An adder zombie (D:6)
  6 worms
  3 dart slugs
  4 leopard geckos
  52 orcs
  6 giant cockroaches
  9 goblins
  6 hobgoblins
  17 jackals
  4 kobolds
  4 quokkas
  4 ball pythons
  8 bats
  6 frilled lizards
  2 hobgoblin zombies (Ossuary)
  A leopard gecko zombie (D:5)
  6 rats
  2 fungi (D:8)
306 creatures vanquished.

Vanquished Creatures (others)
  Erica (D:8)
  4 slaves (D:8)
  A bullfrog skeleton (D:8)
  A quokka skeleton (D:8)
7 creatures vanquished.

Grand Total: 313 creatures vanquished

Notes
Turn   | Place    | Note
-------+----------+-------------------------------------------
     0 | D:1      | diana the Minotaur Fighter began the quest for the Orb.
     0 | D:1      | Reached XP level 1. HP: 19/19 MP: 0/0
   220 | D:1      | Reached XP level 2. HP: 23/27 MP: 1/1
   259 | D:1      | Reached skill level 3 in Axes
   686 | D:2      | Found a hazy altar of Hepliaklqana.
   797 | D:2      | Found a shattered altar of Ashenzari.
   836 | D:2      | Reached XP level 3. HP: 28/33 MP: 2/2
  1059 | D:2      | Reached XP level 4. HP: 23/40 MP: 3/3
  1090 | D:2      | Found a blossoming altar of Fedhas.
  1490 | D:3      | Reached skill level 4 in Axes
  1749 | D:3      | Found a runed translucent gate.
  1750 | D:3      | Found a runed translucent gate.
  1774 | D:3      | Reached XP level 5. HP: 40/47 MP: 4/4
  1817 | D:3      | Noticed Jessica
  1820 | D:3      | Found a runed translucent gate.
  1821 | D:3      | Killed Jessica
  1822 | D:3      | Found an opulent altar of Gozag.
  1834 | D:3      | Noticed VincentAMV's ghost (amateur HOFi)
  1995 | D:3      | Noticed Ijyb
  2011 | D:3      | Killed Ijyb
  2011 | D:3      | Reached skill level 5 in Axes
  2060 | D:3      | Reached XP level 6. HP: 36/53 MP: 5/5
  2210 | D:3      | Reached skill level 5 in Armour
  2210 | D:3      | Reached skill level 5 in Shields
  2222 | D:3      | Reached skill level 5 in Fighting
  2502 | D:3      | Noticed a hippogriff
  2912 | D:4      | Found a shadowy altar of Dithmenos.
  2914 | D:4      | Found a burning altar of Makhleb.
  3072 | D:4      | Reached skill level 6 in Axes
  3410 | D:5      | Entered Level 5 of the Dungeon
  3424 | D:5      | Reached XP level 7. HP: 56/61 MP: 6/6
  3642 | D:5      | Reached skill level 7 in Axes
  3943 | D:5      | Found a radiant altar of Vehumet.
  3960 | D:5      | Reached XP level 8. HP: 63/70 MP: 7/7
  3967 | D:5      | Found a runed translucent door.
  3967 | D:5      | Noticed hitsuchi's ghost (novice DrCj)
  4070 | D:5      | Reached skill level 8 in Axes
  4584 | D:6      | Reached skill level 9 in Axes
  4908 | D:6      | Noticed Sigmund
  4920 | D:6      | Killed Sigmund
  4920 | D:6      | Reached XP level 9. HP: 61/79 MP: 8/8
  5298 | D:7      | Reached skill level 10 in Axes
  5665 | D:7      | Found a sand-covered staircase.
  5724 | Ossuary  | Entered an ossuary
  6116 | D:7      | Found Qiotrih's Antique Weapon Shop.
  6127 | D:7      | Reached skill level 11 in Axes
  6396 | D:7      | Found a staircase to the Ecumenical Temple.
  6406 | D:7      | Reached XP level 10. HP: 90/90 MP: 9/9
  6412 | Temple   | Entered the Ecumenical Temple
  6494 | Temple   | Became a worshipper of Warmaster Okawaru
  6600 | D:8      | Got an ancient leather armour
  6611 | D:8      | Identified the cursed +1 leather armour "Qaelygro" {rCorr}
                  | (You found it on level 8 of the Dungeon)
  6625 | D:8      | Found a staircase to the Lair.
  6625 | D:8      | Noticed an elephant
  6700 | D:7      | Killed an elephant
  6707 | D:7      | HP: 3/90 [crocodile (15)]
  7090 | D:8      | Reached * piety under Okawaru
  7324 | D:8      | Noticed Pikel
  7329 | D:8      | Noticed Psyche
  7707 | D:8      | Killed Psyche
  7707 | D:8      | Reached ** piety under Okawaru
  7707 | D:8      | Reached skill level 12 in Axes
  8048 | D:8      | Noticed a gargoyle
  8060 | D:8      | Killed a gargoyle
  8119 | D:8      | Killed Pikel
  8119 | D:8      | Reached *** piety under Okawaru
  8119 | D:8      | Reached XP level 11. HP: 41/99 MP: 7/10
  8306 | D:8      | Noticed Erica
  8343 | D:8      | Killed Erica
  8545 | D:8      | Reached skill level 10 in Armour
  8578 | D:8      | Reached skill level 10 in Shields
  8696 | D:8      | Reached skill level 13 in Axes
  8797 | D:8      | Reached skill level 10 in Fighting
  9151 | D:8      | Reached skill level 1 in Invocations
  9170 | D:9      | Found a shattered altar of Ashenzari.
  9458 | D:9      | Noticed Erolcha
  9477 | D:9      | Paralysed by Erolcha for 5 turns
  9482 | D:9      | HP: 4/99 [troll (12)]
  9483 | D:9      | Mangled by a troll

Skill      XL: |  1  2  3  4  5  6  7  8  9 10 11 |
---------------+----------------------------------+-----
Axes           | 3 4 5 6 7 9 11 12 13 | 13.2
Shields        | 4 5 6 7 8 9 10 | 10.1
Armour         | 4 5 6 7 8 9 10 | 10.1
Fighting       | 4 5 6 7 8 9 10 | 10.1
Invocations    | 1 |  1.4

Action                   |  1- 3 |  4- 6 |  7- 9 | 10-12 || total
-------------------------+-------+-------+-------+-------++-------
Melee: War axe           |    82 |   165 |   369 |   273 ||   889
       Headbutt          |    11 |    28 |    72 |    68 ||   179
       Hand axe          |       |       |       |    54 ||    54
Invok: Heroism           |       |       |       |     8 ||     8
  Use: Potion            |       |       |     6 |     1 ||     7
       Scroll            |       |       |       |    10 ||    10
 Stab: Sleeping          |       |       |     1 |       ||     1
       Distracted        |       |       |       |     1 ||     1
  Eat: Chunk             |       |     7 |    11 |    13 ||    31
       Ration            |       |       |       |     1 ||     1
Armor: Ring mail         |    31 |    80 |   136 |    64 ||   311
       Scale mail        |     1 |       |       |       ||     1
       Skin              |       |       |    22 |       ||    22
       Leather armour    |       |       |       |    34 ||    34
Dodge: Dodged            |    28 |    55 |   116 |    93 ||   292
Block: Shield            |    33 |   113 |   196 |   195 ||   537
